 Dungeon Crawl Stone Soup version 0.22-a0-346-ga714374 (webtiles) character file.

158 grindst0ne the Sneak (level 5, 0/34 HPs)
             Began as an Octopode Assassin on Apr 6, 2018.
             Slain by a gnoll
             ... wielding a +0 spear
              (9 damage)
             ... on level 3 of the Dungeon.
             The game lasted 00:05:03 (2418 turns).

grindst0ne the Sneak (Octopode Assassin)            Turns: 2418, Time: 00:05:04

Health: 0/34       AC:  1    Str: 11    XL:     5   Next: 40%
Magic:  5/5        EV: 14    Int: 13    God:
Gold:   193        SH:  0    Dex: 14    Spells: 4/4 levels left

rFire    . . .     SeeInvis .   a - +2 dagger
rCold    . . .     Gourm    .   (no shield)
rNeg     + . .     Faith    .   (helmet restricted)
rPois    .         Spirit   .   (no amulet)
rElec    .         Reflect  .   i - ring of positive energy
rCorr    .         Harm     .   (no ring)
MR       .....                  (no ring)
Stlth    +++++.....             (no ring)
HPRegen  0.11/turn              (no ring)
MPRegen  0.09/turn              (no ring)
                                (no ring)
                                (no ring)

@: very slightly contaminated, invisible
A: almost no armour, stealthy swim, amphibious, 8 rings, constrict 8, camouflage
1, gelatinous body 1
a: no special abilities


You were on level 3 of the Dungeon.
You were hungry.

You visited 1 branch of the dungeon, and saw 3 of its levels.

You collected 193 gold pieces.

Inventory:

Hand Weapons
 a - a +2 dagger (weapon)
 b - a +0 blowgun
Missiles
 c - 8 poisoned needles
 d - 2 curare-tipped needles
Jewellery
 i - a ring of positive energy (left tentacle)
Wands
 g - a wand of acid (6)
Scrolls
 e - 2 scrolls of teleportation {unknown}
 h - 2 scrolls of enchant weapon {unknown}
 j - a scroll of immolation {unknown}
 k - 4 scrolls of identify {unknown}
 p - 2 scrolls of remove curse {unknown}
 q - a scroll of blinking {unknown}
 r - a scroll of noise {unknown}
Potions
 n - a potion of agility {unknown}
 o - a potion of heal wounds {unknown}
 t - a potion of brilliance {unknown}
 u - a potion of ambrosia {unknown}
Comestibles
 f - 10 rations


   Skills:
 - Level 2.0 Fighting
 + Level 3.0 Short Blades
 + Level 3.0 Throwing
 + Level 2.5 Dodging
 + Level 6.4 Stealth
 + Level 1.2 Evocations


You had 4 spell levels left.
You didn't know any spells.

Dungeon Overview and Level Annotations

Branches:
Dungeon (3/15)

Altars:
Makhleb
Vehumet


Innate Abilities, Weirdness & Mutations

You cannot wear most types of armour.
You are very stealthy in the water. (Stealth+)
You are amphibious.
You can wear up to eight rings at the same time.
You can use your tentacles to constrict eight enemies at once.
Your skin changes colour to match your surroundings (Stealth+).
Your rubbery body absorbs attacks. (AC +1, EV +1)


Message History

You cannot move.
You cannot move.
You feel less wooden.
Things that are here:
a whip; 2 potions of lignification; 16 gold pieces There isn't anything to butcher here.
Things that are here:
a spear; a scroll labeled FONEIPTUROH; a gnoll corpse You butcher the gnoll corpse.
Things that are here:
a spear; a scroll labeled FONEIPTUROH; 2 chunks of flesh
Things that are here:
a whip; 2 potions of lignification; 16 gold pieces Don't expect to remain undetected while in the water.
The gnoll misses you. The gnoll misses you.
You closely miss the gnoll. You grab the gnoll.
You constrict the gnoll, but do no damage.
The gnoll hits you with a spear!
You die...

..#####..#...≈≈≈≈≈≈#≈≈≈≈≈≈....#
.# #......#..#≈≈≈#≈≈≈≈#≈≈#≈≈##.#
....###....≈≈≈≈≈≈≈≈≈≈≈≈≈≈(≈≈#.#
...........≈≈≈≈.≈#.<⌠≈≈..≈≈≈#.#
######....()≈≈..)..<.(...≈≈...#
######....#.≈≈#.).≈...≈≈≈.≈≈≈..#
..........#.≈≈≈≈≈≈≈≈≈≈#≈.≈≈≈#..#
....##..#.#.#≈≈≈≈≈≈≈≈≈≈≈≈≈≈≈...#
..............#≈@≈≈≈≈≈≈≈≈≈≈....#
..............≈g≈#≈≈≈≈≈≈≈≈≈....#
.....####....#.≈#≈≈≈≈≈≈≈#≈....##
..# #..#.#.#.#≈≈≈≈≈≈...##.# g#
#..#.#....≈≈.≈≈##.###.# .#
####.............##### #.#
.#####......[.........# #.#
..........##..##.....## .#
.####.........#


You could see a gnoll.

Vanquished Creatures
  3 gnolls (D:3)
  3 adders
  An ooze (D:2)
  A worm (D:2)
  8 dart slugs
  2 leopard geckos
  5 orcs (D:3)
  A giant cockroach (D:1)
  9 goblins
  8 hobgoblins
  4 jackals (D:3)
  3 quokkas
  2 ball pythons
  8 bats
  4 frilled lizards
  4 kobolds
  6 rats
72 creatures vanquished.

Notes
Turn   | Place    | Note
-------+----------+-------------------------------------------
     0 | D:1      | grindst0ne the Octopode Assassin began the quest for the Orb.
     0 | D:1      | Reached XP level 1. HP: 14/14 MP: 1/1
   136 | D:1      | Reached XP level 2. HP: 19/19 MP: 2/2
   372 | D:1      | Reached XP level 3. HP: 12/24 MP: 3/3
   815 | D:2      | Found a burning altar of Makhleb.
   821 | D:2      | Found a radiant altar of Vehumet.
   970 | D:2      | Reached skill level 6 in Stealth
   970 | D:2      | Reached XP level 4. HP: 29/29 MP: 4/4
  1850 | D:3      | Reached XP level 5. HP: 28/34 MP: 5/5
  1893 | D:3      | Reached skill level 1 in Evocations
  2418 | D:3      | Slain by a gnoll

Vault maps used:
D:1:      elethiomel_arrival_infinity_welcomes_careful_drivers,
          minmay_split_cup_small
D:2:      minitemple
D:3:      kennysheep_slugbush, first_ration

Skill      XL: |  1  2  3  4  5 |
---------------+----------------+-----
Dodging        | 2 |  2.5
Stealth        | 6 |  6.4
Evocations     | 1 |  1.2
Short Blades   | 3 |  3.0
Throwing       | 3 |  3.0
Fighting       | |  2.0

Action                   |  1- 3 |  4- 6 || total
-------------------------+-------+-------++-------
Melee: Dagger            |    50 |    99 ||   149
       Constrict         |    14 |    26 ||    40
       Tentacles         |    11 |    14 ||    25
  Use: Potion            |       |     2 ||     2
 Stab: Sleeping          |    14 |     5 ||    19
       Distracted        |       |     1 ||     1
       Invisible         |       |     1 ||     1
  Eat: Chunk             |       |     4 ||     4
Armor: Skin              |       |    18 ||    18
Dodge: Dodged            |    24 |    67 ||    91

Table legend:
 A = Spawn XP
 B = Non-spawn XP
 C = Spawn XP percentage of total XP
 D = Spawn monster count
 E = Non-spawn monster count
 F = Spawn count percentage of total count
 G = Total turns spent on level
                    A         B        C        D         E        F      G
               +---------+---------+-------+---------+---------+-------+---------
         Total |       0 |     227 |   0.0 |       0 |      72 |   0.0 |  2418
               +---------+---------+-------+---------+---------+-------+---------
           D:1 |       0 |      40 |   0.0 |       0 |      24 |   0.0 |   711
           D:2 |       0 |      60 |   0.0 |       0 |      16 |   0.0 |   808
           D:3 |       0 |     127 |   0.0 |       0 |      32 |   0.0 |   899
               +---------+---------+-------+---------+---------+-------+---------
